Map: Dusty Gorge

Players

crackbabbe

  • Race: Terran Terran
  • Spawn Location: 9:00

getost

  • Race: Zerg Zerg
  • Spawn Location: 11:00

Massa - Winner!

  • Race: Terran Terran
  • League: Gold
  • Spawn Location: 5:00

qqq - Winner!

  • Race: Zerg Zerg
  • League: Platinum
  • Spawn Location: 3:00

VOD

Have the link to the VOD?

Description

Time

  • Played on: April 29, 2020, 1:59 p.m.
  • Length: 5:07
Show
View Real Time Build Order
Export as new Build Order

crackbabbe Terran 

Build Orders:  

Get SALT Encoding   

  12  0:01  SCV  
  13  0:13  SCV  
  14  0:19  Supply Depot  
  14  0:25  SCV  
  15  0:31  Refinery  
  15  0:41  SCV  
  16  0:49  Barracks  
  16  0:53  SCV  
  17  1:05  SCV  
  18  1:17  SCV  
  19  1:31  Refinery  
  20  1:37  Barracks Reactor  
  20  1:39  Orbital Command  
  19  1:42  Barracks  
  19  1:52  Supply Depot  
  19  1:54  Supply Depot  
  19  2:05  SCV  
  20  2:14  Marine x2  
  22  2:22  SCV  
  23  2:30  Barracks Tech Lab  
  23  2:32  Marine x2  
  23  2:33  Supply Depot  
  25  2:37  SCV  
  26  2:50  Marine x2  
  27  3:08  Marine x2  
  27  3:09  Marauder  
  27  3:10  Combat Shield  
  31  3:19  Bunker, Supply Depot  
  31  3:26  Marine x2  
  33  3:28  SCV  
  33  3:30  Marine  
  35  3:40  SCV  
  36  3:44  Marine x2  
  36  3:48  Marine  
  26  4:01  Marine  
  26  4:02  Marine  
  27  4:03  Bunker  
  27  4:06  Marine  
  19  4:26  Marine x3  
  15  4:36  SCV  
  10  4:44  Marine x2  
Show
View Real Time Build Order
Export as new Build Order

getost Zerg 

Build Orders: Hatch First 

Get SALT Encoding   

  12  0:01  Drone  
  13  0:08  Drone  
  14  0:22  Overlord  
  14  0:41  Drone x3  
  17  0:56  Hatchery  
  16  1:01  Drone  
  17  1:04  Extractor  
  17  1:05  Extractor  
  17  1:06  Drone  
  16  1:16  Drone  
  17  1:29  Drone  
  18  1:35  Drone  
  19  1:46  Drone  
  20  1:58  Drone  
  20  1:59  Spawning Pool  
  20  2:12  Drone  
  20  2:13  Hatchery  
  20  2:14  Drone  
  21  2:33  Drone x3  
  21  2:34  Drone  
  25  2:45  Drone  
  25  2:46  Drone  
  27  2:51  Metabolic Boost  
  27  3:01  Zergling x2  
  27  3:03  Overlord x2  
  28  3:21  Zergling x4  
  28  3:22  Zergling x2  
  28  3:25  Zergling x4  
  33  3:30  Zergling x2  
  33  3:34  Lair  
  34  3:42  Zergling x2  
  34  3:43  Zergling x4  
  34  3:47  Zergling x6  
  37  4:02  Zergling x4  
  36  4:03  Zergling x2  
  36  4:06  Zergling x2  
  36  4:07  Zergling x2  
  37  4:11  Zergling x2  
  37  4:15  Zergling x2  
  35  4:18  Zergling x2  
  35  4:23  Queen  
  35  4:24  Queen  
  37  4:25  Zergling x2  
  35  4:41  Zergling x2  
  35  4:43  Overlord x5  
Show
View Real Time Build Order
Export as new Build Order

Massa Terran - Winner!

Build Orders:  

Get SALT Encoding   

  12  0:12  Supply Depot  
  12  0:13  SCV  
  13  0:25  SCV  
  14  0:35  Barracks  
  14  0:37  SCV  
  15  0:49  SCV  
  16  0:52  Supply Depot  
  16  1:02  SCV  
  17  1:12  Barracks  
  17  1:14  SCV  
  18  1:23  Barracks  
  18  1:33  Orbital Command  
  18  1:42  Refinery  
  18  1:44  Marine  
  19  2:01  Barracks  
  19  2:02  Marine  
  19  2:07  SCV  
  21  2:09  Marine x2  
  23  2:19  Marine  
  24  2:27  Marine x2  
  26  2:37  Marine  
  26  2:40  SCV  
  28  2:45  Marine x2  
  28  2:49  Marine  
  28  2:50  Supply Depot  
  31  3:12  Marine x4  
  35  3:13  Supply Depot  
  35  3:17  Supply Depot  
  35  3:20  Supply Depot  
  35  3:29  Marine x4  
  39  3:47  Marine x4  
  42  4:05  Marine x4  
  46  4:23  Marine  
  45  4:25  Marine x3  
  40  4:41  Factory, Marine  
  40  4:43  Marine x2  
Show
View Real Time Build Order
Export as new Build Order

qqq Zerg - Winner!

Build Orders: Hatch First 

Get SALT Encoding   

  12  0:03  Drone  
  13  0:10  Drone  
  14  0:43  Hatchery  
  13  0:53  Spawning Pool  
  12  1:07  Drone, Overlord  
  12  1:11  Extractor, Drone  
  13  1:25  Drone  
  14  1:31  Drone  
  15  1:42  Roach Warren  
  15  1:43  Drone  
  15  1:51  Zergling x2  
  16  1:55  Drone  
  17  2:01  Baneling Nest  
  17  2:05  Zergling x2  
  17  2:09  Drone  
  17  2:14  Zergling x2  
  19  2:21  Drone  
  20  2:24  Zergling x2  
  21  2:34  Roach  
  21  2:36  Roach  
  25  2:45  Overlord  
  25  2:58  Overlord x2  
  25  3:03  Baneling  
  25  3:04  Baneling  
  25  3:09  Roach  
  25  3:12  Drone  
  28  3:18  Ravager  
  29  3:20  Roach  
  31  3:30  Roach  
  33  3:40  Roach  
  33  3:48  Zergling x6  
  34  3:55  Baneling  
  34  4:02  Roach  
  36  4:03  Zergling x2  
  36  4:05  Drone  
  38  4:10  Extractor  
  37  4:22  Roach x2  
  41  4:37  Roach  
  38  4:44  Roach  
  38  4:45  Zergling x6  
  41  4:48  Baneling  
Tags
 
Add a new tag
Caveats
  • Supply blocks, unpowered buildings, or Contaminate may cause inaccurate times.
  • Supply counts are checked every 10 seconds.